 Dungeon Crawl Stone Soup version 0.16.1-17-g773cdaf (webtiles) character file.

49 tesudzi the Conjurer (level 3, -1/19 HPs)
             Began as a Tengu Conjurer on Apr 21, 2015.
             Slain by Terence
             ... wielding a +0 flail
              (8 damage)
             ... on level 2 of the Dungeon.
             The game lasted 00:05:48 (1745 turns).

tesudzi the Conjurer (Tengu Conjurer)               Turns: 1745, Time: 00:05:48

Health: -1/19      AC:  2    Str:  8    XL:     3   Next: 75%
Magic:  0/7        EV: 14    Int: 16    God:
Gold:   119        SH:  0    Dex: 14    Spells: 2 memorised, 3 levels left

rFire  . . .     SeeInvis .     m - +0 dagger (elec)
rCold  . . .     Clarity  .     a - +0 robe
rNeg   . . .     SustAb   .     (no shield)
rPois  .         Gourm    .     (helmet restricted)
rElec  .         Spirit   .     (no cloak)
rCorr  .         Warding  .     (no gloves)
rMut   .         Stasis   .     (boots unavailable)
MR     .....                    (no amulet)
Stlth  ++........               (no ring)
                                (no ring)

@: very slightly contaminated, not resistant to hostile enchantments, unstealthy
A: beak, talons 3
a: no special abilities


You were on level 2 of the Dungeon.
You were hungry.

You visited 1 branch of the dungeon, and saw 2 of its levels.

You collected 119 gold pieces.

Inventory:

Hand weapons
 d - a +0 spear
 i - a +1 dagger of holy wrath
 m - a +0 dagger of electrocution (weapon)
Missiles
 g - 4 stones
 h - 3 tomahawks (quivered)
Armour
 a - a +0 robe (worn)
Jewellery
 r - a cursed ring of teleportation {unknown}
Scrolls
 e - a scroll of fear {unknown}
 j - a scroll of remove curse {unknown}
 k - a scroll of immolation {unknown}
 l - a scroll of fog {unknown}
 n - 2 scrolls of enchant armour {unknown}
 o - 2 scrolls of identify {unknown}
Potions
 p - a potion of invisibility {unknown}
Books
 c - a book of Conjurations

   Spells                             Type                      Level
   a - Magic Dart                     Conjuration                  1
   b - Searing Ray                    Conjuration                  2
   c - Dazzling Spray                 Conjuration/Hexes            3
   d - Fulminant Prism                Conjuration/Hexes            4
   e - Iskenderun's Mystic Blast      Conjuration                  4
   f - Iskenderun's Battlesphere      Conjuration/Charms           5
Comestibles
 b - 2 bread rations
 f - a meat ration
 q - 2 chunks of flesh
 s - 2 fruits


   Skills:
 + Level 4.3 Dodging
 - Level 2.0 Stealth
 - Level 2.0 Spellcasting
 - Level 5.3 Conjurations


You had 3 spell levels left.
You knew the following spells:

 Your Spells              Type           Power        Failure   Level  Hunger
a - Magic Dart            Conj           ###.         2%          1    #......
b - Searing Ray           Conj           ###...       4%          2    ###....


Dungeon Overview and Level Annotations

Branches:
Dungeon (2/15)

Altars:

Annotations:
D:2 Terence


Innate Abilities, Weirdness & Mutations

You have a beak for a mouth.
You have claws for feet.


Message History

Terence is heavily wounded.
Terence closely misses you.
Casting: Magic Dart
Confirm with . or Enter, or press ? or * to list all spells.
Aiming: Magic Dart
Press: ? - help, Shift-Dir - straight line, f/p - Terence
Aim: Terence, wielding a flail and wearing a scale mail (heavily wounded)
You miscast Magic Dart.
You are very lightly contaminated with residual magic.
Strange energies run through your body.
Casting: Magic Dart
Confirm with . or Enter, or press ? or * to list all spells.
Aiming: Magic Dart
Press: ? - help, Shift-Dir - straight line, f/p - Terence
Aim: Terence, wielding a flail and wearing a scale mail (heavily wounded)
The magic dart hits Terence.
Terence is heavily wounded.
Terence hits you with a flail. Terence hits you with a flail!
You die...

... ..##...##
###.#####.....##
##.#.# ##.......##
.###....###.........#
#(.(.......'.........+
####....###.).......#
##.#............##
#####.###.###...##
##.##@...#.#....##
#...@..#.#.###.##
##.###.#[....#.#
##.###.###.#.#.#
##...##.........##
##.....#.###.#.#..##
#........#.....#)..#
##.......#.#.###..##
##........#.#...##


You could see Terence.

Vanquished Creatures
  An adder (D:2)
  2 ball pythons (D:1)
  5 bats (D:1)
  2 giant cockroaches (D:2)
  4 hobgoblins
  5 jackals (D:1)
  3 giant newts
  5 goblins
  7 kobolds (D:1)
  4 rats
38 creatures vanquished.

Notes
Turn   | Place    | Note
--------------------------------------------------------------
     0 | D:1      | tesudzi, the Tengu Conjurer, began the quest for the Orb.
     0 | D:1      | Reached XP level 1. HP: 10/10 MP: 3/3
   298 | D:1      | Reached XP level 2. HP: 13/15 MP: 3/5
   704 | D:1      | Reached XP level 3. HP: 8/19 MP: 1/7
  1524 | D:2      | Learned a level 2 spell: Searing Ray
  1669 | D:2      | Noticed Terence
  1745 | D:2      | Slain by Terence

Action                   || total
-------------------------++-------
Melee: Spear             ||    47
       Dagger            ||    25
Throw: Tomahawk          ||     5
 Cast: Magic Dart        ||    60
       Searing Ray       ||     3
 Stab: Sleeping          ||     1
  Eat: Chunk             ||     3
